 Dungeon Crawl Stone Soup version 0.27-a0-1281-ge233d83751 (webtiles) character file.

Game seed: 338524312197505987

1722 Zonian the Destroyer (level 9, -6/49 HPs)
             Began as a Tengu Conjurer on June 13, 2021.
             Was an Initiate of Dithmenos.
             Mangled by a swamp worm (13 damage)
             ... on level 8 of the Dungeon.
             The game lasted 00:15:49 (12846 turns).

Zonian the Destroyer (Tengu Conjurer)              Turns: 12846, Time: 00:15:49

Health: -6/49      AC:  3    Str:  9    XL:     9   Next: 4%
Magic:  16/17      EV: 16    Int: 20    God:    Dithmenos [......]
Gold:   405        SH:  0    Dex: 15    Spells: 11/17 levels left

rFire    . . .     SeeInvis .   s - +2 dagger (venom)
rCold    . . .     Faith    .   (no shield)
rNeg     . . .     Spirit   .   z - +0 robe of the Distant Future {Dex+2}
rPois    .         Reflect  .   (helmet restricted)
rElec    .         Harm     .   (no cloak)
rCorr    .         Rampage  .   p - +0 pair of gloves
Will     .....                  (boots unavailable)
Stlth    +++.......             (no amulet)
HPRegen  0.16/turn              (no ring)
MPRegen  0.15/turn              (no ring)

@: flying quickly and evasively, quick
A: beak, talons 3, nimble flight
a: Renounce Religion


You were on level 8 of the Dungeon.
You worshipped Dithmenos.
Dithmenos was noncommittal.
You visited 2 branches of the dungeon, and saw 9 of its levels.

You collected 405 gold pieces.

Inventory:

Hand Weapons
 c - a +0 dagger
 s - a +2 dagger of venom (weapon)
 u - a +4 whip
 w - the +7 long sword of Dominance {speed, +Rage rElec Will+ Int-2}
   (You took it off a gnoll on level 4 of the Dungeon)

   Attacks with this weapon are significantly faster.
   It affects your intelligence (-2).
   It insulates you from electricity.
   It lets you go berserk.
   It increases your willpower.
Missiles
 f - 33 poisoned darts
 g - 107 sling bullets
Armour
 a - a +0 robe
 h - a +2 leather armour of cold resistance
 n - a +0 helmet
 p - a +0 pair of gloves (worn)
 z - the +0 robe of the Distant Future (worn) {Dex+2}
   (You found it on level 6 of the Dungeon)

   It affects your dexterity (+2).
Jewellery
 b - a ring of magical power
 e - a ring of poison resistance
Wands
 l - a wand of charming (10)
 m - a wand of acid (8)
 C - a wand of iceblast (9)
Scrolls
 k - a scroll of magic mapping
 y - 2 scrolls of amnesia
 A - a scroll of teleportation
 B - a scroll of identify
Potions
 i - a potion of haste
 j - 4 potions of curing
 o - 2 potions of might
 q - 2 potions of resistance
 r - a potion of degeneration
 t - a potion of cancellation
 v - a potion of attraction
 x - a potion of berserk rage {unknown}


   Skills:
 + Level 2.9 Fighting
 - Level 1.6(2.5) Short Blades
 + Level 2.8(3.1) Long Blades
 + Level 4.5 Dodging
 + Level 4.6 Stealth
 + Level 4.8 Spellcasting
 + Level 9.2 Conjurations
 + Level 3.0 Air Magic
 + Level 2.1 Poison Magic
 + Level 1.9 Invocations


You had 11 spell levels left.
You knew the following spells:

 Your Spells              Type           Power      Damage    Failure   Level
a - Magic Dart            Conj           100%       1d8       1%          1
b - Searing Ray           Conj           82%        3d6       1%          2
c - Mephitic Cloud        Conj/Pois/Air  24%        N/A       4%          3

Your spell library contained the following spells:

 Spells                   Type           Power      Damage    Failure   Level
 Conjure Flame            Conj/Fire      23%        6-21      5%          3
 Dazzling Flash           Conj/Hex       46%        N/A       5%          3
 Summon Small Mammal      Summ           16%        N/A       12%         1
 Blink                    Tloc           N/A        N/A       19%         2
 Call Imp                 Summ           4%         N/A       19%         2
 Slow                     Hex            4%         N/A       19%         2
 Sublimation of Blood     Necr           2%         N/A       19%         2
 Fulminant Prism          Conj/Hex       11%        3d9       19%         4
 Iskenderun's Mystic Bla  Conj/Tloc      23%        2d6       19%         4
 Call Canine Familiar     Summ           4%         N/A       34%         3
 Confusing Touch          Hex            4%         N/A       34%         3
 Gell's Gravitas          Tloc           2%         N/A       34%         3
 Summon Guardian Golem    Hex/Summ       4%         N/A       34%         3
 Summon Lightning Spire   Summ/Air       10%        N/A       54%         4
 Petrify                  Tmut/Erth      4%         N/A       75%         4
 Summon Ice Beast         Ice/Summ       4%         N/A       75%         4
 Excruciating Wounds      Necr           2%         N/A       97%         5
 Metabolic Englaciation   Hex/Ice        2%         N/A       97%         5
 Summon Mana Viper        Hex/Summ       4%         N/A       97%         5
 Yara's Violent Unravell  Hex/Tmut       2%         3d3       97%         5


Dungeon Overview and Level Annotations

Branches:
Dungeon (8/15)             Temple (1/1) D:5            Lair (0/6) D:8

Altars:
Ashenzari
Cheibriados
Dithmenos
Elyvilon
Fedhas
Gozag
Hepliaklqana
Kikubaaqudgha
Makhleb
Nemelex Xobeh
Okawaru
Qazlal
Ru
Sif Muna
Trog
Uskayaw
Vehumet
Wu Jian
Xom
Yredelemnul
Zin
The Shining One

Shops:
D:3 [   D:5 =   D:6 (


Innate Abilities, Weirdness & Mutations

You have a beak for a mouth.
You have claws for feet.
Your magical nature lets you fly swiftly and evasively.


Message History

Found a staircase to the Lair.
Found a glowing spear.
Unknown command.
A swamp worm comes into view.
Found a scroll of enchant weapon.
Something bites the plant!!
The plant begins to die.
You start waiting.
A swamp worm comes into view.
There are monsters nearby!
Casting: Magic Dart (safe; 1% risk of failure)
Confirm with . or Enter, or press ? or * to list all spells.
Aiming: Searing Ray (safe; 1% risk of failure)
Press: ? - help, Shift-Dir - straight line, f - swamp worm
Aim: a swamp worm (77% to hit)
The searing ray hits the swamp worm!
The swamp worm is moderately wounded. (Press . to maintain the ray.)
The swamp worm fires a harpoon shot at you.
The harpoon shot hits you!
You are yanked forward by the harpoon shot.
The swamp worm closely misses you. The swamp worm bites you!!
* * * LOW HITPOINT WARNING * * *
Unknown command.
The swamp worm completely misses you. The swamp worm bites you.
* * * LOW HITPOINT WARNING * * *
Unknown command.
You feel much better. The swamp worm barely misses you.
The swamp worm bites you!!
* * * LOW HITPOINT WARNING * * *
The swamp worm bites you!
* * * LOW HITPOINT WARNING * * *
You feel much better. The swamp worm closely misses you.
The swamp worm misses you. The swamp worm closely misses you.
Okay, then.
The swamp worm fires a harpoon shot at you.
The harpoon shot hits you!
* * * LOW HITPOINT WARNING * * *
You are yanked forward by the harpoon shot.
The swamp worm bites you!
You die...

#≈≈# ≈≈# ≈≈#
#≈≈≈ ≈) ≈≈≈#
#≈≈##≈##≈≈.#
#≈≈≈≈≈≈≈..#
#≈≈≈≈≈≈≈...
#≈≈≈≈≈#
######..####
.......ww.#
#######@###
#.# #####.#
#...#.#
#.#.#.#
#.#.#.#
#.#.#.#
#.#.#.#
#.#.#.#


You could see 2 swamp worms.

Vanquished Creatures
  Eustachio (D:6)
  A sky beast (D:7)
  4 ogres
  An ice beast (D:7)
  A centaur (D:7)
  2 phantoms (D:4)
  3 scorpions
  2 water moccasin skeletons
  2 hounds
  A jelly (D:6)
  2 orc priests
  A gnoll shaman (D:4)
  A bullfrog skeleton (D:4)
  3 orc wizards
  A hound skeleton (D:4)
  2 howler monkey zombies
  Robin (D:4)
  A howler monkey skeleton (D:4)
  3 gnolls
  6 adders
  A shadow imp (D:6)
  3 ufetubi
  An adder skeleton (D:4)
  A worm (D:3)
  4 dart slugs
  9 orcs
  7 ball pythons
  6 endoplasms
  4 giant cockroaches
  3 hobgoblins
  6 jackals
  7 kobolds
  6 quokkas
  4 bats
  6 frilled lizards
  15 goblins
  A quokka skeleton (D:4)
  8 rats
131 creatures vanquished.

Vanquished Creatures (others)
  4 plants (D:8)
4 creatures vanquished.

Grand Total: 135 creatures vanquished

Notes
Turn   | Place    | Note
-------+----------+-------------------------------------------
     0 | D:1      | Zonian the Tengu Conjurer began the quest for the Orb.
     0 | D:1      | Reached XP level 1. HP: 10/10 MP: 4/4
     5 | D:1      | Identified Fibekhufam's Tome of Fetching Dark Rites
   489 | D:1      | Reached XP level 2. HP: 15/15 MP: 0/6
  1298 | D:1      | Reached skill level 6 in Conjurations
  1480 | D:1      | Reached XP level 3. HP: 19/19 MP: 3/7
  1483 | D:1      | Learned a level 2 spell: Searing Ray
  2034 | D:2      | Found a faded altar of an unknown god.
  2079 | D:2      | Found an opulent altar of Gozag.
  2143 | D:2      | Reached skill level 1 in Short Blades
  2351 | D:2      | Reached XP level 4. HP: 24/24 MP: 3/8
  3589 | D:3      | Found Pikoz's Armour Boutique.
  4024 | D:3      | Reached skill level 7 in Conjurations
  4024 | D:3      | Gained mutation: Your magical nature lets you fly swiftly
                  | and evasively. [Tengu growth]
  4024 | D:3      | Reached XP level 5. HP: 28/28 MP: 3/9
  5177 | D:4      | Noticed Robin
  5181 | D:4      | Killed Robin
  5377 | D:4      | Identified the +7 long sword of Dominance {speed, +Rage
                  | rElec Will+ Int-2}
  5390 | D:4      | Noticed a phantom
  5396 | D:3      | Reached XP level 6. HP: 9/32 MP: 2/11
  6185 | D:4      | Reached skill level 8 in Conjurations
  6703 | D:4      | Reached XP level 7. HP: 28/37 MP: 4/13
  7518 | D:5      | Entered Level 5 of the Dungeon
  7529 | D:5      | Reached skill level 1 in Fighting
  8198 | D:5      | Reached skill level 1 in Long Blades
  8366 | D:5      | Found a staircase to the Ecumenical Temple.
  8409 | D:5      | Learned a level 3 spell: Mephitic Cloud
  8431 | Temple   | Entered the Ecumenical Temple
  8744 | Temple   | Became a worshipper of Dithmenos the Shadowed
  8951 | D:5      | Found Todwerik's Jewellery Boutique.
  9177 | D:5      | Reached XP level 8. HP: 44/44 MP: 3/15
  9623 | D:6      | Found Imaleizu's Antique Weapon Shop.
  9970 | D:6      | Reached skill level 1 in Air Magic
 10175 | D:6      | Found a blossoming altar of Fedhas.
 10237 | D:6      | Reached skill level 1 in Poison Magic
 10539 | D:6      | Reached skill level 1 in Invocations
 10766 | D:6      | Identified the +0 robe of the Distant Future {Dex+2}
 10904 | D:6      | Noticed Eustachio
 10992 | D:6      | Killed Eustachio
 10993 | D:6      | Reached skill level 9 in Conjurations
 12522 | D:7      | Reached XP level 9. HP: 44/49 MP: 17/17
 12769 | D:8      | Found a staircase to the Lair.
 12844 | D:8      | HP: 1/49 [swamp worm (11)]
 12846 | D:8      | Mangled by a swamp worm

Illustrated notes

Levels and vault maps discovered:
D:1:      minmay_arrival_shattered_statue, layout_basic, chequers_jeans,
          minmay_misc_feat_nine_boxes
D:2:      layout_basic, shapermc_ecumenical_altar_flowoftime, basic_altar
D:3:      layout_basic, serial_shops, nicolae_shop_competitors_out_of_business,
          chequers_serial_rivers_micro_a
D:4:      layout_cave_pools, minmay_circle_x, uniq_robin
D:5:      layout_cave_pools, minmay_temple_entry_overgrown,
          minmay_shop_grid_forest, kennysheep_pointless_box
D:6:      layout_loops_corners, lemuel_crystal_altar, serial_shops, shop,
          st_stairs_5, kennysheep_nondescript, corexii_leaking_fountain,
          uniq_eustachio
D:7:      layout_loops_ring, chequers_serial_rivers_micro_c
D:8:      layout_basic, david_lair_shrubbed, worms_lemuel
Temple:   roderic_octagonal_lattice_temple

Skill      XL: |  1  2  3  4  5  6  7  8 |
---------------+-------------------------+-----
Conjurations   | 6 7 8 9 |  9.2
Short Blades   | 1 |  1.6
Stealth        | 3 4 |  4.6
Spellcasting   | 3 4 |  4.8
Dodging        | 3 4 |  4.5
Fighting       | 1 2 |  2.9
Long Blades    | 1 2 |  2.8
Air Magic      | 3 |  3.0
Poison Magic   | 2 |  2.1
Invocations    | 1 |  1.9

Action                   |  1- 3 |  4- 6 |  7- 9 || total
-------------------------+-------+-------+-------++-------
Melee: Dagger            |     6 |    38 |    55 ||    99
       Peck              |     1 |     1 |     5 ||     7
       Kick              |       |     7 |     6 ||    13
 Cast: Magic Dart        |    59 |   118 |    86 ||   263
       Searing Ray       |     1 |     7 |    14 ||    22
  Use: Potion            |       |     1 |     2 ||     3
       Scroll            |       |       |    15 ||    15
 Stab: Sleeping          |       |     1 |     4 ||     5
Armor: Robe              |     1 |     6 |     7 ||    14
Dodge: Dodged            |     5 |    42 |    56 ||   103

Table legend: (Time is in decaauts)
 A = Elapsed time spent in this place.
 B = Non-inter-level travel time spent in this place.
 C = Inter-level travel time spent in this place.
 D = Time resting spent in this place.
 E = Time spent auto-exploring this place.
 F = Levels seen in this place.
 G = Mean time per level.
                   A        B        C        D        E       F      G
               +--------+--------+--------+--------+--------+-----+--------+
         Total |  12501 |  12214 |    287 |   6357 |   4779 |   9 | 1389.0 |
       Dungeon |  12204 |  11947 |    257 |   6357 |   4532 |   8 | 1525.5 |
        Temple |    297 |    268 |     29 |      0 |    247 |   1 |  297.0 |
               +--------+--------+--------+--------+--------+-----+--------+

Top non-repeatable levels by time:
     D:4: 2564 daAuts
     D:3: 2134 daAuts
     D:1: 1963 daAuts
     D:6: 1708 daAuts
     D:5: 1307 daAuts
     D:7: 1238 daAuts
     D:2: 1180 daAuts
  Temple: 297 daAuts
     D:8: 107 daAuts
